 Dungeon Crawl Stone Soup version 0.30-a0-739-gea05faddec (webtiles) character file.

Game seed: 7323331823423774735

534685 NinjaNoafa the Rapturous (level 25, -7/231 HPs)
             Began as a Hill Orc Fighter on Feb 5, 2023.
             Was a Priest of Uskayaw.
             Drowned by a quicksilver ooze (8 damage)
             ... while paralysed by a floating eye
             ... on level 5 of the Pits of Slime.
             The game lasted 03:42:38 (70846 turns).

NinjaNoafa the Rapturous (Hill Orc Fighter)        Turns: 70846, Time: 03:42:38

Health: -7/231     AC: 41    Str: 43    XL:     25   Next: 17%
Magic:  24/38      EV:  2    Int: 21    God:    Uskayaw [***...]
Gold:   1319       SH:  0    Dex: 17    Spells: 36/36 levels left

rFire   . . .      SeeInvis .    a - +9 broad axe (flame)
rCold   . . .      Faith    .    A - +4 kite shield "Quezoewy" {rElec rPois Str+8 Stlth-}
rNeg    . . .      Spirit   .    W - +7 plate armour of Sozuh {rPois Str+3}
rPois   +          Reflect  +    x - +2 helmet of Tagrur {Str+3 Int+3 Dex-2}
rElec   +          Harm     .    v - scarf {repulsion}
rCorr   .          Rampage  +    Q - +2 pair of gloves {infuse}
Will    ++...                    u - +2 pair of boots Stlth
                                 j - amulet of Vaes {Reflect Rampage SH+5}
HPRegen 0.58/turn                c - ring of Xaniwoh {AC+4 Int+4 Dex+4}
MPRegen 0.26/turn                e - ring of Weecaji {rPois Will+ Int+6 Dex+3}

@: paralysed, engulfed (cannot breathe), repel missiles
A: no striking features
}: 4/15 runes: decaying, serpentine, silver, abyssal
a: Renounce Religion, Stomp, Line Pass


You were on level 5 of the Pits of Slime.
You worshipped Uskayaw.
Uskayaw was greatly pleased with you.
You visited 10 branches of the dungeon, and saw 45 of its levels.
You visited the Abyss 6 times.
You also visited: Trove, Ossuary, Bailey and Volcano.

You collected 8466 gold pieces.
You spent 7147 gold pieces at shops.

Inventory:

Hand Weapons
 a - a +9 broad axe of flaming (weapon)
 b - a +4 antimagic hand axe
Missiles
 E - 18 boomerangs
 R - 12 throwing nets (quivered)
 Z - 2 boomerangs of dispersal
Armour
 u - a +2 pair of boots (worn)
 v - a scarf of repulsion (worn)
 x - the +2 helmet of Tagrur (worn) {Str+3 Int+3 Dex-2}
   (You found it in a bailey)

   Str:       It affects your strength (+3).
   Int:       It affects your intelligence (+3).
   Dex:       It affects your dexterity (-2).
 A - the +4 kite shield "Quezoewy" (worn) {rElec rPois Str+8 Stlth-}
   (You acquired it on level 7 of the Dungeon)

   Str:       It affects your strength (+8).
   rElec:     It insulates you from electricity.
   rPois:     It protects you from poison.
   Stlth:     It makes you less stealthy.
 Q - a +2 pair of gloves of infusion (worn)
 W - the +7 plate armour of Sozuh (worn) {rPois Str+3}
   (You bought it in a shop on level 4 of the Vaults)

   Str:       It affects your strength (+3).
   rPois:     It protects you from poison.
Jewellery
 c - the ring of Xaniwoh (left hand) {AC+4 Int+4 Dex+4}
   (You found it in a treasure trove)

   [ring of protection]

   AC:        It affects your AC (+4).
   Int:       It affects your intelligence (+4).
   Dex:       It affects your dexterity (+4).
 d - a +6 ring of strength
 e - the ring of Weecaji (right hand) {rPois Will+ Int+6 Dex+3}
   (You took it off a deep elf elementalist on level 3 of the Elven Halls)

   [ring of intelligence]

   Int:       It affects your intelligence (+6).
   Dex:       It affects your dexterity (+3).
   rPois:     It protects you from poison.
   Will:      It increases your willpower.
 f - a ring of resist corrosion
 g - a ring of see invisible
 h - a ring of positive energy
 i - a ring of protection from cold
 j - the amulet of Vaes (around neck) {Reflect Rampage SH+5}
   (You bought it in a shop on level 6 of the Dungeon)

   [amulet of reflection]

   It reflects blocked missile attacks.
   SH:        It affects your SH (+5).
   Rampage:   It bestows one free step when moving towards enemies.
Wands
 n - a wand of paralysis (69)
 z - a wand of digging (13)
 H - a wand of iceblast (46)
 Y - a wand of mindburst (36)
Scrolls
 l - 5 scrolls of immolation
 q - 4 scrolls of fog
 t - 8 scrolls of magic mapping
 y - 8 scrolls of blinking
 D - 8 scrolls of poison
 G - 5 scrolls of torment
 I - 5 scrolls of vulnerability
 J - 7 scrolls of fear
 T - 2 scrolls of butterflies
 V - 17 scrolls of teleportation
Potions
 k - 4 potions of flight
 o - 25 potions of curing
 p - 3 potions of invisibility
 r - 3 potions of berserk rage
 s - 6 potions of haste
 w - 6 potions of resistance
 C - a potion of ambrosia
 F - 5 potions of cancellation
 K - a potion of heal wounds
 M - 7 potions of lignification
 O - 6 potions of might
 P - 4 potions of magic
 U - 5 potions of attraction
Miscellaneous
 m - a tin of tremorstones (2/2)
 B - a box of beasts
 L - a phial of floods
 N - a condenser vane
 S - a phantom mirror
 X - a lightning rod (4/4)


   Skills:
 - Level 20.0 Fighting
 - Level 20.0 Axes
 - Level 14.0 Throwing
 - Level 20.0 Armour
 + Level 13.6 Dodging
 - Level 19.0 Shields
 - Level 6.0 Spellcasting
 - Level 22.0 Invocations
 - Level 14.0 Evocations


You had 36 spell levels left.
You didn't know any spells.
Your spell library contained the following spells:

 Spells                   Type           Power      Damage    Failure   Level
 Beastly Appendage        Tmut           12%        N/A       36%         1
 Magic Dart               Conj           24%        1d4       36%         1
 Slow                     Hex            24%        N/A       36%         1
 Sting                    Tmut/Pois      24%        1d4       36%         1
 Blink                    Tloc           12%        N/A       50%         2
 Call Imp                 Summ           6%         N/A       50%         2
 Cigotuvi's Dreadful Rot  Necr/Pois/Air  12%        N/A       50%         2
 Ensorcelled Hibernation  Hex/Ice        12%        N/A       50%         2
 Lesser Beckoning         Tloc           12%        N/A       50%         2
 Momentum Strike          Conj/Tloc      12%        3d8       50%         2
 Passwall                 Tmut/Erth      5%         N/A       50%         2
 Poisonous Vapours        Pois/Air       12%        N/A       50%         2
 Searing Ray              Conj           12%        2d4       50%         2
 Sublimation of Blood     Necr           6%         N/A       50%         2
 Wereblood                Tmut           6%         N/A       50%         2
 Call Canine Familiar     Summ           6%         N/A       75%         3
 Confusing Touch          Hex            6%         N/A       75%         3
 Ignite Poison            Fire/Tmut/Pois 6%         N/A       75%         3
 Inner Flame              Hex/Fire       6%         N/A       75%         3
 Kindle Blastsparks       Fire/Tloc/Air  12%        2d11      75%         3
 Mephitic Cloud           Conj/Pois/Air  6%         N/A       75%         3
 Portal Projectile        Hex/Tloc       12%        N/A       75%         3
 Spider Form              Tmut/Pois      6%         N/A       75%         3
 Stone Arrow              Conj/Erth      12%        3d7       75%         3
 Swiftness                Air            6%         N/A       75%         3
 Tukima's Dance           Hex            6%         N/A       75%         3
 Vampiric Draining        Necr           6%         2d6       75%         3
 Anguish                  Hex/Necr       3%         N/A       98%         4
 Animate Armour           Summ/Erth      12%        N/A       98%         4
 Animate Dead             Necr           6%         N/A       98%         4
 Cause Fear               Hex            3%         N/A       98%         4
 Flame Wave               Conj/Fire      6%         2d5       98%         4
 Fulminant Prism          Conj/Hex       3%         3d5       98%         4
 Iskenderun's Mystic Bla  Conj/Tloc      6%         2d4       98%         4
 Leda's Liquefaction      Hex/Erth       3%         N/A       98%         4
 Manifold Assault         Tloc           6%         N/A       98%         4
 Olgreb's Toxic Radiance  Pois           6%         N/A       98%         4
 Passage of Golubria      Tloc           6%         N/A       98%         4
 Petrify                  Tmut/Erth      6%         N/A       98%         4
 Sticky Flame             Conj/Fire      6%         2d3       98%         4
 Alistair's Intoxication  Tmut/Pois      4%         N/A       100%        5
 Blade Hands              Tmut           3%         N/A       100%        5
 Borgnjor's Vile Clutch   Necr/Erth      3%         N/A       100%        5
 Freezing Cloud           Conj/Ice/Air   3%         6-21      100%        5
 Lee's Rapid Deconstruct  Erth           3%         3d5*      100%        5
 Metabolic Englaciation   Hex/Ice        3%         N/A       100%        5
 Summon Forest            Summ/Tloc      3%         N/A       100%        5
 Summon Mana Viper        Hex/Summ       6%         N/A       100%        5
 Yara's Violent Unravell  Hex/Tmut       3%         3d4       100%        5
 Eringya's Noxious Bog    Tmut/Pois      3%         N/A       100%        6
 Iron Shot                Conj/Erth      3%         9d2       100%        6
 Simulacrum               Ice/Necr       3%         N/A       100%        6
 Statue Form              Tmut/Erth      4%         N/A       100%        6
 Summon Cactus Giant      Summ           3%         N/A       100%        6
 Enfeeble                 Hex            3%         N/A       100%        7
 Ozocubu's Refrigeration  Ice            3%         4d8       100%        7
 Storm Form               Tmut/Air       3%         N/A       100%        7
 Summon Hydra             Summ           3%         N/A       100%        7
 Discord                  Hex            3%         N/A       100%        8
 Ignition                 Fire           3%         3d4       100%        8
 Infestation              Necr           3%         N/A       100%        8
 Lehudib's Crystal Spear  Conj/Erth      3%         10d2      100%        8


Dungeon Overview and Level Annotations

Branches:
Dungeon (15/15)            Temple (1/1) D:6            Lair (5/5) D:10
  Swamp (4/4) Lair:3        Snake (4/4) Lair:3        Slime (5/5) Lair:4
    Orc (2/2) D:11            Elf (3/3) Orc:2        Vaults (5/5) D:13
  Crypt (0/3) Vaults:3     Depths (1/4) D:15        Ossuary (visited)
 Bailey (visited)         Volcano (visited)

Altars:
Ashenzari
Cheibriados
Dithmenos
Elyvilon
Fedhas
Gozag
Hepliaklqana
Kikubaaqudgha
Makhleb
Nemelex Xobeh
Okawaru
Qazlal
Ru
Sif Muna
Trog
Uskayaw
Vehumet
Wu Jian
Xom
Yredelemnul
Zin
The Shining One
Beogh
Jiyva
Lugonu

Shops:
D:4 (*   D:6 =   Orc:1 [**   Orc:2 *[([*   Elf:1 [=   Elf:3 *   Snake:2 =
Vaults:4 [

Portals:
Abyss: Lair:5


Message History

The golden eye blinks at you.
You are confused.
The golden eye blinks!
The quicksilver ooze barely misses you.
The quicksilver ooze hits you but does no damage.
The large slime creature hits you.
* * * LOW HITPOINT WARNING * * *
Two slime creatures merge to form an enormous slime creature.
Really quaff the potion of lignification?
Okay, then.
Your magical effects are unravelling.
You feel magically purged.
* * * LOW HITPOINT WARNING * * *
Your lungs strain for air!
You feel less confused.
The quicksilver ooze is no longer sharing its pain.
The enormous slime creature is no longer sharing its pain.
The golden eye is no longer sharing its pain.
The quicksilver ooze closely misses you.
You block the quicksilver ooze's attack.
The eye of devastation pulsates ominously.
Two slime creatures merge to form a titanic slime creature.
The quicksilver ooze misses you. The quicksilver ooze barely misses you.
A large slime creature splits.
The golden eye blinks!
You cannot read scrolls while unable to breathe!
You feel much better.
* * * LOW HITPOINT WARNING * * *
Your lungs strain for air!
The floating eye is no longer sharing its pain.
The golden eye blinks!
You block the quicksilver ooze's attack. x2
The golden eye blinks at you. You resist with almost no effort.
You block the rockslime's attack.
The golden eye blinks!
The floating eye gazes piercingly through you!
You suddenly lose the ability to move!
The titanic slime creature hits you!!!
* * * LOW HITPOINT WARNING * * *
An enormous slime creature splits.
The slime creature hits you.
* * * LOW HITPOINT WARNING * * *
The slime creature hits you but does no damage.
You die...

................
..................
..................
..................
..................
.......JJ.........
.......GJJ§......#
......JJ@J........
.......JGG......##
.................#
##.................##
##.................##
##...................#
#.................#.##
###..................#.#
##.................##..##


You could see a titanic slime creature (pain bonded), 2 large slime creatures, 3
slime creatures, a rockslime (pain bonded), an eye of devastation (pain bonded),
a quicksilver ooze, a floating eye and a golden eye.

Vanquished Creatures
  A dread lich (Vaults:5)
  2 ancient liches (Vaults:5)
  Mara (Vaults:3)
  Boris (Vaults:5)
  A golden dragon (Vaults:5)
  Vashnia (Snake:3)
  3 bone dragons
  2 tentacled monstrosities
  Jorgrun (Swamp:1)
  Asterion (Vaults:1)
  3 deep elf blademasters
  A lich (Vaults:3)
  4 titans (Vaults:5)
  3 deep elf master archers (Elf:3)
  8 sphinxes
  11 acid blobs
  Gastronok (D:8)
  6 tentacled starspawn
  5 tengu reavers (Vaults:5)
  A storm dragon (Vaults:5)
  Roxanne (Elf:2)
  The ghost of Kevimi the Acrobat, an adept FeNe of Sif Muna (Vaults:2)
  3 fire giants
  14 nagarajas
  Agnes (Elf:2)
  6 rockslimes
  A fenstrider witch (Swamp:4)
  6 azure jellies
  3 frost giants (Vaults:5)
  23 vault wardens
  8 deep elf elementalists (Elf:3)
  A caustic shrike zombie (Abyss:3)
  14 deep elf sorcerers
  2 orc warlords (Vaults:3)
  2 ghouls (Swamp:2)
  18 very ugly things
  3 quicksilver oozes
  22 ironbound preservers
  4 war gargoyles
  2 stone giants (Vaults:5)
  15 ironbound thunderhulks
  A green draconian (Abyss:2)
  2 eleionomae (Swamp:3)
  6 deep elf demonologists (Elf:3)
  6 deep elf annihilators (Elf:3)
  2 bunyips
  13 dire elephants
  An eidolon (Abyss:2)
  A crystal guardian (Vaults:4)
  5 ettins
  9 deep elf death magi
  20 great orbs of eyes
  A shambling mangrove (Swamp:2)
  Josephine (D:11)
  11 yaktaur captains
  The ghost of Esekla the Carver, a journeyman OpDe of Gozag (Orc:1)
  7 deep elf high priests
  4 salamander tyrants (Snake:4)
  4 entropy weavers
  48 vault guards
  5 ogre magi
  3 rakshasas
  5 peacekeepers
  7 anacondas
  7 boulder beetles
  2 ghost crabs
  21 centaur warriors
  5 hydras
  Erica (D:11)
  An anaconda (shapeshifter) (Vaults:2)
  10 ironbound frosthearts
  10 alligators
  7 two-headed ogres
  A vampire mage (D:15)
  3 tengu warriors
  6 death yaks
  A deep troll earth mage (Vaults:5)
  2 orc high priests
  22 naga warriors
  25 dancing weapons
  3 shock serpents
  27 naga sharpshooters
  The ghost of Valagong the Cleaver, a novice MiFi of Okawaru (D:6)
  8 thrashing horrors
  6 wretched stars
  14 deep elf knights
  3 salamander mystics
  A sixfirhy (Abyss:3)
  The ghost of sjgraves the Thaumaturge, a novice DECj of Sif Muna (D:9)
  4 goliath frogs
  2 flayed ghosts (Abyss:3)
  The ghost of Newt the Basher, a novice DsGl of Okawaru (D:8)
  37 deep trolls
  A fire crab (Lair:4)
  2 spriggan druids
  2 swamp dragons
  2 naga ritualists
  4 sea snakes (Snake:2)
  24 ironbound convokers
  9 bog bodies
  10 phantasmal warriors
  2 spectral hydras (Swamp:4)
  11 wizards
  A necromancer (D:15)
  12 orc knights
  12 deep elf archers
  A wolf spider zombie (D:15)
  31 deep elf pyromancers
  7 lindwurms
  8 mana vipers
  A lindwurm (shapeshifter) (Vaults:5)
  3 harpies (Vaults:1)
  7 shining eyes
  27 deep elf zephyrmancers
  10 orc sorcerers
  3 will-o-the-wisps
  25 ugly things
  2 manticores
  2 worldbinders (Abyss:3)
  15 salamanders
  11 cyclopes
  A moth of wrath (Elf:2)
  13 naga magi
  Joseph (D:8)
  25 black mambas
  2 elephants (Lair:4)
  9 guardian serpents
  4 smoke demons
  3 molten gargoyles (Volcano)
  3 torpor snails
  6 eyes of devastation
  3 gargoyles
  17 vault sentinels
  Maggie (D:9)
  2 centaur skeletons (D:15)
  A kobold demonologist (Orc:1)
  A yaktaur (shapeshifter) (Vaults:2)
  17 cane toads
  4 rime drakes
  An unseen horror (D:11)
  3 efreet
  2 swamp worm zombies (Swamp:4)
  49 yaktaurs
  2 spectral nagas (Snake:2)
  6 freezing wraiths
  14 komodo dragons
  2 queen bees
  7 ancient zymes
  A wind drake (shapeshifter) (Vaults:4)
  A wolf spider simulacrum (D:15)
  3 bloated husks
  2 polar bears
  13 trolls
  4 hydra zombies (Swamp:4)
  12 tyrant leeches
  A tarantella (Vaults:4)
  15 hornets
  8 meliai
  16 raiju
  A hornet (shapeshifter) (Lair:5)
  15 blink frogs
  A raiju (shapeshifter) (D:14)
  A spectral dream sheep (Lair:3)
  3 spectral swamp dragons (Swamp:4)
  9 large abominations
  5 alligator zombies (Swamp:4)
  A spectral black mamba (Lair:3)
  71 slime creatures
  2 centaur simulacra (D:15)
  4 ynoxinuls
  A jumping spider (Vaults:2)
  3 air elementals
  16 spriggans
  3 water elementals
  2 shadows
  A vampire (D:13)
  10 basilisks
  7 wyverns
  51 yaks
  7 wraiths
  Grum (D:11)
  2 fire elementals
  4 fire bats (Abyss:3)
  23 golden eyes
  6 steam dragons
  A spectral komodo dragon (Lair:3)
  A redback (Vaults:4)
  14 small abominations
  9 vampire mosquitoes
  46 nagas
  4 chaos spawn
  13 swamp worms
  2 wargs
  2 floating eyes
  An acid dragon (D:10)
  20 water moccasins
  2 hell hounds (Lair:4)
  32 orc warriors
  An ice beast (D:7)
  A sky beast (shapeshifter) (Abyss:3)
  2 spectral torpor snails (Lair:3)
  A swamp drake (Swamp:1)
  3 black bears
  3 swamp dragon zombies (Swamp:4)
  A sky beast (D:8)
  12 ogres
  10 boggarts (Vaults:1)
  11 wolves
  10 centaurs
  8 starcursed masses
  7 phantoms
  11 kobold brigands
  An elf zombie (Ossuary)
  5 gnoll sergeants
  8 bullfrogs
  3 scorpions (D:5)
  4 earth elementals
  A necrophage (D:4)
  A wight (D:9)
  21 killer bees
  3 howler monkeys (D:8)
  12 electric eels
  2 centaur zombies (Ossuary)
  A quasit (Abyss:3)
  10 hounds
  A human zombie (Ossuary)
  2 jellies
  2 gnoll boudas (D:6)
  25 orc priests
  3 iron imps
  Ijyb (D:3)
  An iguana (D:4)
  32 orc wizards
  Natasha (thrice) (D:3)
  A spectral swamp drake (Swamp:4)
  2 mummies (Ossuary)
  2 swamp drake zombies (Swamp:4)
  7 adders
  37 gnolls
  A shadow imp (Abyss:3)
  2 white imps (D:7)
  An ufetubus (D:7)
  3 adder zombies (Ossuary)
  A worm (D:2)
  A dart slug (D:3)
  78 orcs
  5 ball pythons
  6 endoplasms
  A giant cockroach (D:3)
  8 goblins
  8 hobgoblins
  11 jackals
  19 kobolds
  6 quokkas
  6 bats
  3 frilled lizards
  7 hobgoblin zombies (Ossuary)
  A jackal zombie (Ossuary)
  9 kobold zombies (Ossuary)
  11 orc zombies (Ossuary)
  5 rats
  4 rat zombies
  A lurking horror (Abyss:3)
  6 starspawn tentacles
1995 creatures vanquished.

Vanquished Creatures (others)
  An ironbound preserver (Vaults:2)
  An eleionoma (Swamp:1)
  An anaconda (Snake:2)
  An alligator (Swamp:1)
  2 centaur warriors (Vaults:2)
  A naga warrior (Snake:3)
  A two-headed ogre (D:7)
  2 deep elf knights
  A naga ritualist (Snake:2)
  A bog body (Swamp:4)
  2 deep elf zephyrmancers (Elf:1)
  An orc sorcerer (Orc:2)
  2 naga magi
  A bloated husk (Swamp:1)
  A water elemental (Elf:1)
  A water moccasin (D:7)
  4 orc warriors (Bailey)
  A phantom (Swamp:4)
  An orc wizard (Orc:2)
  A gnoll (D:6)
  An orc (Orc:2)
  A goblin (Bailey)
  10 foxfires (Swamp:2)
  21 fungi
  35 plants
  9 starspawn tentacles
104 creatures vanquished.

Grand Total: 2099 creatures vanquished

Notes
Turn   | Place    | Note
-------+----------+-------------------------------------------
     0 | D:1      | NinjaNoafa the Hill Orc Fighter began the quest for the
                  | Orb.
     0 | D:1      | Reached XP level 1. HP: 19/19 MP: 1/1
   413 | D:1      | Reached XP level 2. HP: 27/27 MP: 2/2
   530 | D:1      | Found a faded altar of an unknown god.
   538 | D:1      | Prayed at the altar of an unknown god.
   538 | D:1      | Became a worshipper of Elyvilon the Healer
   538 | D:1      | Reached * piety under Elyvilon
   915 | D:2      | Reached XP level 3. HP: 24/33 MP: 3/3
  1415 | D:3      | Reached XP level 4. HP: 29/41 MP: 4/4
  1481 | D:3      | Reached ** piety under Elyvilon
  1492 | D:3      | Found a hazy altar of Hepliaklqana.
  1537 | D:3      | Noticed Ijyb
  1542 | D:3      | Paralysed by Ijyb for 3 turns
  1549 | D:3      | Paralysed by Ijyb for 3 turns
  1554 | D:3      | Killed Ijyb
  1555 | D:3      | Reached skill level 1 in Invocations
  1641 | D:3      | Noticed Natasha
  1649 | D:3      | Killed Natasha
  1662 | D:3      | Reached XP level 5. HP: 47/47 MP: 6/6
  1776 | D:3      | Reached skill level 2 in Invocations
  1780 | D:3      | Identified the +0 scale mail of Nemelex Xobeh's Favour
                  | {Harm rN+}
  1942 | D:3      | Noticed Natasha
  1954 | D:3      | Killed Natasha
  2076 | D:3      | Noticed Natasha
  2081 | D:3      | Killed Natasha
  2382 | D:3      | Reached *** piety under Elyvilon
  2478 | D:4      | Noticed a black bear
  2484 | D:4      | Reached skill level 5 in Fighting
  2494 | D:4      | Killed a black bear
  2495 | D:4      | Reached skill level 3 in Invocations
  2495 | D:4      | Reached XP level 6. HP: 20/56 MP: 6/8
  2634 | D:4      | Reached skill level 5 in Armour
  2747 | D:4      | Reached skill level 5 in Axes
  2763 | D:4      | Found a burning altar of Makhleb.
  2861 | D:4      | Found Rawn's Magic Scroll Boutique.
  2863 | D:4      | Found Varoryma's Assorted Antiques.
  2870 | D:4      | Bought a scroll of identify for 20 gold pieces
  2870 | D:4      | Bought a scroll of fear for 40 gold pieces
  2870 | D:4      | Bought a scroll of teleportation for 30 gold pieces
  2870 | D:4      | Bought a scroll of noise for 10 gold pieces
  2873 | D:4      | Bought a golden potion for 24 gold pieces
  2873 | D:4      | Bought a scroll labelled SOATTO ANEEHU for 27 gold pieces
  2873 | D:4      | Bought a scroll labelled PUFIMM ZIHUA for 27 gold pieces
  2873 | D:4      | Bought a scroll labelled PUFIMM ZIHUA for 27 gold pieces
  2873 | D:4      | Bought a murky red potion for 24 gold pieces
  2956 | D:4      | Found Xuits's Distillery.
  3008 | D:4      | Reached skill level 4 in Invocations
  3110 | D:4      | Found Netohung's Weapon Shoppe.
  3193 | D:5      | Entered Level 5 of the Dungeon
  3211 | D:5      | Reached XP level 7. HP: 61/61 MP: 10/10
  3215 | D:5      | Found an opulent altar of Gozag.
  3215 | D:5      | Found a broken altar of Ashenzari.
  3290 | D:5      | Found a sand-covered staircase.
  3303 | Ossuary  | Entered an ossuary
  3359 | Ossuary  | Reached skill level 5 in Invocations
  3611 | D:5      | Reached **** piety under Elyvilon
  3752 | D:5      | Reached XP level 8. HP: 68/68 MP: 11/11
  3840 | D:5      | You fall into a shaft and drop 1 floor!
  4235 | D:5      | Reached skill level 1 in Evocations
  4743 | D:5      | Reached skill level 1 in Dodging
  5100 | D:6      | Found a staircase to the Ecumenical Temple.
  5130 | D:6      | Found Laqobbi's Jewellery Shop.
  5142 | Temple   | Entered the Ecumenical Temple
  5439 | D:6      | Found Gaub's Magic Scroll Shop.
  5602 | D:6      | Reached skill level 6 in Invocations
  5686 | D:7      | Found a flagged portal.
  5698 | Bailey   | Entered a bailey
  5764 | Bailey   | Reached skill level 5 in Shields
  5938 | Bailey   | Reached XP level 9. HP: 75/75 MP: 13/13
  6027 | Bailey   | Noticed an orc knight
  6089 | Bailey   | Killed an orc knight
  6246 | Bailey   | Reached skill level 7 in Invocations
  6552 | Bailey   | Noticed an orc sorcerer
  6558 | Bailey   | Paralysed by an orc sorcerer for 5 turns
  6563 | Bailey   | Pacified an orc sorcerer
  6566 | Bailey   | Reached skill level 8 in Invocations
  6738 | Bailey   | Found an iron altar of Okawaru.
  6738 | Bailey   | Noticed a kobold demonologist
  6752 | Bailey   | Pacified a kobold demonologist
  6759 | Bailey   | Reached XP level 10. HP: 21/83 MP: 12/16
  7397 | Bailey   | Identified the +2 helmet of Tagrur {Str+3 Int+3 Dex-2}
  7693 | D:7      | Acquired the +4 kite shield "Quezoewy" {rElec rPois Str+8
                  | Stlth-}
  8082 | D:7      | Noticed a two-headed ogre
  8087 | D:7      | Pacified a two-headed ogre
  8088 | D:7      | Reached skill level 9 in Invocations
  8088 | D:7      | Reached skill level 10 in Axes
  8092 | D:7      | Killed a two-headed ogre
  8984 | D:8      | Noticed Newt's ghost (novice DsGl)
  9119 | D:8      | Noticed Gastronok
  9134 | D:8      | Killed Gastronok
  9135 | D:8      | Reached XP level 11. HP: 69/92 MP: 17/17
  9223 | D:8      | Acquired 912 gold pieces
  9232 | D:8      | Noticed a manticore
  9237 | D:8      | Noticed a purple ugly thing
  9315 | D:6      | Bought the amulet of Vaes {Reflect Rampage SH+5} for 407
                  | gold pieces
  9364 | D:6      | Bought a scroll of blinking for 82 gold pieces
  9364 | D:6      | Bought a scroll of brand weapon for 104 gold pieces
  9364 | D:6      | Bought a scroll of enchant weapon for 82 gold pieces
  9364 | D:6      | Bought a scroll of identify for 22 gold pieces
  9364 | D:6      | Bought a scroll of enchant armour for 82 gold pieces
  9364 | D:6      | Bought a scroll of identify for 22 gold pieces
  9364 | D:6      | Bought a scroll of identify for 22 gold pieces
  9364 | D:6      | Bought a scroll of poison for 44 gold pieces
  9364 | D:6      | Bought a scroll of magic mapping for 82 gold pieces
  9453 | D:4      | Bought a scroll of enchant weapon for 75 gold pieces
  9453 | D:4      | Bought a scroll of identify for 20 gold pieces
  9453 | D:4      | Bought a scroll of identify for 20 gold pieces
  9453 | D:4      | Bought a scroll of identify for 20 gold pieces
  9471 | D:4      | Bought a potion of might for 40 gold pieces
  9471 | D:4      | Bought a potion of berserk rage for 50 gold pieces
  9735 | D:6      | Found a runed translucent gate.
  9735 | D:6      | Found a runed translucent gate.
  9738 | D:6      | Found a runed translucent gate.
  9738 | D:6      | Noticed Valagong's ghost (novice MiFi)
  9813 | D:6      | Found a roughly hewn altar of Beogh.
  9885 | D:6      | Found a faded altar of an unknown god.
  9885 | D:6      | Noticed a deep elf pyromancer
  9885 | D:6      | Found the Hermit's Pendant {Faith Invo=14 Evo=0 MP+5}
  9893 | D:6      | Killed a deep elf pyromancer
  9894 | D:6      | Reached skill level 1 in Throwing
 10578 | D:8      | Noticed Joseph
 10591 | D:8      | Killed Joseph
 10741 | D:8      | Found a transporter.
 10742 | D:8      | Found a transporter.
 10810 | D:8      | Reached ***** piety under Elyvilon
 10810 | D:8      | Found an ornate altar of the Wu Jian Council.
 11353 | D:9      | Noticed Maggie
 11357 | D:9      | Identified the +8 arbalest of Neurosis {heavy, rC+ rN+
                  | Int+4}
 11372 | D:9      | Killed Maggie
 11494 | D:9      | Reached skill level 5 in Evocations
 11688 | D:9      | Noticed a cyclops
 11696 | D:9      | Killed a cyclops
 11700 | D:9      | Reached skill level 10 in Invocations
 11941 | D:9      | Noticed a cyclops
 12053 | D:4      | Bought a scroll of fear for 108 gold pieces
 12068 | D:4      | Bought a potion of heal wounds for 50 gold pieces
 12254 | D:9      | Noticed a centaur warrior
 12254 | D:9      | Noticed sjgraves's ghost (novice DECj)
 12255 | D:9      | Found a runed translucent door.
 12569 | D:9      | Killed a cyclops
 12570 | D:9      | Reached skill level 5 in Dodging
 12939 | D:9      | Found a hide-covered altar of Uskayaw.
 12942 | D:9      | Noticed a +0 dagger
 12942 | D:9      | Noticed a +0 dagger
 13135 | D:10     | Entered Level 10 of the Dungeon
 13135 | D:10     | Noticed a manticore
 13135 | D:10     | Noticed a catoblepas
 13136 | D:10     | Pacified a catoblepas
 13143 | D:10     | Killed a manticore
 13227 | D:10     | Acquired 756 gold pieces
 13321 | D:10     | Reached XP level 12. HP: 86/101 MP: 19/19
 13432 | D:10     | Noticed a two-headed ogre
 13443 | D:10     | Killed a two-headed ogre
 13698 | D:10     | Reached skill level 11 in Invocations
 13708 | D:10     | Found a staircase to the Lair.
 14487 | D:10     | Found a glowing golden altar of the Shining One.
 14765 | D:6      | Killed Valagong's ghost
 14766 | D:6      | Reached skill level 15 in Axes
 14951 | D:6      | Identified the +0 helmet "Emoof" {Stlth+}
 15091 | Lair:1   | Entered Level 1 of the Lair of Beasts
 15295 | Lair:1   | Noticed an eight-headed hydra
 15298 | Lair:1   | Pacified an eight-headed hydra
 15362 | Lair:1   | Reached ****** piety under Elyvilon
 16083 | Lair:2   | Noticed Nergalle
 16086 | Lair:2   | Pacified Nergalle
 16166 | Lair:2   | Noticed Sonja
 16169 | Lair:2   | Pacified Sonja
 16170 | Lair:2   | Reached XP level 13. HP: 107/107 MP: 21/21
 16435 | Lair:2   | Reached skill level 12 in Invocations
 17162 | Lair:3   | Found a staircase to the Snake Pit.
 17669 | D:8      | Killed Newt's ghost
 17811 | D:9      | Killed sjgraves's ghost
 18220 | Lair:3   | Found a staircase to the Swamp.
 18648 | Lair:4   | Reached XP level 14. HP: 101/118 MP: 23/23
 18738 | Lair:4   | Reached skill level 5 in Throwing
 18752 | Lair:4   | Found a dark tunnel.
 18780 | Volcano  | Entered a volcano
 18951 | Volcano  | Noticed an orb of fire
 18989 | Volcano  | Noticed an orb of fire
 19471 | Lair:4   | Found a viscous altar of Jiyva.
 19472 | Lair:4   | Found a staircase to the Slime Pits.
 20231 | Lair:4   | Reached skill level 10 in Shields
 20558 | Lair:4   | Identified the +1 ring mail of Hehedom {+Inv rElec rF+
                  | Int-4}
 20887 | Lair:5   | Entered Level 5 of the Lair of Beasts
 21723 | Lair:5   | Reached skill level 1 in Spellcasting
 21813 | Lair:5   | Reached skill level 13 in Invocations
 21859 | Lair:5   | Reached XP level 15. HP: 79/126 MP: 1/25
 22178 | Abyss:2  | Cast into level 2 of the Abyss (spriggan)
 22442 | Abyss:2  | Noticed a tentacled starspawn
 22450 | Abyss:2  | Killed a tentacled starspawn
 22470 | Abyss:2  | Reached skill level 10 in Fighting
 22473 | Abyss:2  | Reached skill level 14 in Invocations
 22492 | Abyss:2  | Reached skill level 10 in Armour
 22524 | Lair:5   | Escaped the Abyss
 22731 | Lair:5   | Found a corrupted altar of Lugonu.
 22732 | Lair:5   | Found a one-way gate to the infinite horrors of the Abyss.
 23038 | Lair:5   | Found a shimmering blue altar of Sif Muna.
 23422 | D:11     | Found a staircase to the Orcish Mines.
 23525 | D:11     | Noticed Erica
 23530 | D:11     | Killed Erica
 23582 | D:11     | Noticed Grum
 23591 | D:11     | Killed Grum
 24161 | D:11     | Noticed Josephine
 24167 | D:11     | Killed Josephine
 24440 | Orc:1    | Entered Level 1 of the Orcish Mines
 24440 | Orc:1    | Found Ryorilud's Armour Boutique.
 24690 | Orc:1    | Found a runed translucent gate.
 24691 | Orc:1    | Found a runed translucent gate.
 24691 | Orc:1    | Found a runed translucent gate.
 24692 | Orc:1    | Found an opulent altar of Gozag.
 24741 | Orc:1    | Found Buqatene's General Store.
 25000 | Orc:1    | Noticed Esekla's ghost (journeyman OpDe)
 25018 | Orc:1    | Found Raneu's Assorted Antiques.
 25035 | Orc:1    | Killed Esekla's ghost
 25129 | Orc:2    | Entered Level 2 of the Orcish Mines
 25196 | Orc:2    | Found a staircase to the Elven Halls.
 25353 | Orc:1    | Found a roughly hewn altar of Beogh.
 25524 | Orc:2    | Found Miaczism's Overcharged Wands.
 25620 | Orc:2    | Reached XP level 16. HP: 101/168 MP: 0/32
 25978 | Orc:2    | Found Cosm's Antique Weapon Shop.
 25978 | Orc:2    | Found Repou's General Store.
 25979 | Orc:2    | Found Simih's Armour Boutique.
 25983 | Orc:2    | Found Yganniy's Antique Armour Shop.
 25987 | Orc:2    | Bought a scroll of enchant weapon for 97 gold pieces
 26001 | Orc:2    | Bought a pair of glowing boots for 255 gold pieces
 26300 | Orc:1    | Bought a scroll of fear for 64 gold pieces
 26300 | Orc:1    | Bought a tin of tremorstones (2/2) for 640 gold pieces
 26300 | Orc:1    | Bought a scroll of butterflies for 64 gold pieces
 26355 | Orc:1    | Bought a potion of heal wounds for 195 gold pieces
 26499 | D:4      | Bought a potion of curing for 30 gold pieces
 26499 | D:4      | Bought a potion of attraction for 30 gold pieces
 26499 | D:4      | Bought a potion of curing for 30 gold pieces
 26499 | D:4      | Bought a potion of curing for 30 gold pieces
 26661 | Orc:2    | Bought a potion of attraction for 39 gold pieces
 26661 | Orc:2    | Bought a potion of cancellation for 104 gold pieces
 26661 | Orc:2    | Bought a potion of flight for 39 gold pieces
 26685 | Orc:2    | Bought a wand of mindburst (30) for 630 gold pieces
 27017 | Swamp:1  | Entered Level 1 of the Swamp
 27162 | D:12     | Acquired a manual of Throwing
 27312 | Swamp:1  | Noticed Jorgrun
 27323 | Swamp:1  | Killed Jorgrun
 27324 | Swamp:1  | Reached skill level 15 in Invocations
 27341 | Swamp:1  | Reached skill level 10 in Evocations
 30353 | Swamp:3  | Found a glowing silver altar of Zin.
 30380 | Swamp:3  | Reached XP level 17. HP: 106/146 MP: 28/28
 30802 | Snake:1  | Entered Level 1 of the Snake Pit
 30824 | Snake:1  | Reached skill level 10 in Throwing
 32103 | Snake:2  | Found Diriciqu's Jewellery Boutique.
 33338 | Snake:2  | Reached skill level 16 in Invocations
 34780 | Snake:3  | Noticed Vashnia
 34805 | Snake:3  | Killed Vashnia
 35660 | Snake:2  | Bought a +4 ring of slaying for 1092 gold pieces
 35821 | Snake:2  | Reached XP level 18. HP: 141/160 MP: 27/30
 36238 | Snake:2  | Reached skill level 17 in Invocations
 36709 | Swamp:4  | Entered Level 4 of the Swamp
 36791 | Swamp:4  | Paralysed by a fenstrider witch for 3 turns
 37184 | Swamp:4  | Noticed a tentacled monstrosity
 37673 | Snake:4  | Entered Level 4 of the Snake Pit
 38464 | Snake:4  | Reached skill level 15 in Fighting
 39041 | Snake:4  | Reached skill level 18 in Invocations
 39474 | Snake:4  | Got a serpentine rune of Zot
 40158 | D:13     | Found a gate to the Vaults.
 40171 | D:13     | Reached skill level 15 in Armour
 40265 | D:13     | Reached XP level 19. HP: 172/172 MP: 32/32
 41716 | Elf:1    | Entered Level 1 of the Elven Halls
 41773 | Elf:1    | Found a radiant altar of Vehumet.
 42395 | Elf:1    | Found Pociwn's Antique Armour Shop.
 42399 | Elf:1    | Identified the +4 shortbow of Lewauf {drain, Fragile Dex+5}
 42461 | Elf:1    | Bought a distressingly furry chain mail for 342 gold pieces
 42461 | Elf:1    | Identified the +0 chain mail of Nemelex Xobeh's Regard {rF+
                  | SInv} (You bought it in a shop on level 1 of the Elven
                  | Halls)
 42777 | Elf:1    | Found Gasm's Jewellery Shop.
 42904 | Elf:2    | Found a radiant altar of Vehumet.
 43007 | Elf:2    | Found a huge runed translucent gate.
 43007 | Elf:2    | Found a huge runed translucent gate.
 43007 | Elf:2    | Found a huge runed translucent gate.
 43007 | Elf:2    | Found a huge runed translucent gate.
 43007 | Elf:2    | Found a huge runed translucent gate.
 43085 | Elf:2    | Noticed Roxanne
 43094 | Elf:2    | Killed Roxanne
 43171 | Elf:2    | Identified the +9 sling of the Writhing Gods {elec, Will+}
 43387 | Elf:2    | Noticed Agnes
 43390 | Elf:2    | Killed Agnes
 43849 | Elf:3    | Entered Level 3 of the Elven Halls
 43955 | Abyss:3  | Cast into level 3 of the Abyss (+1 long sword of
                  | distortion)
 44257 | Elf:2    | Escaped the Abyss
 44819 | Swamp:4  | Killed a tentacled monstrosity
 45324 | Swamp:4  | Noticed a bone dragon
 45340 | Swamp:4  | Killed a bone dragon
 45348 | Swamp:4  | Got a decaying rune of Zot
 46556 | D:15     | Entered Level 15 of the Dungeon
 46608 | D:15     | Found a staircase to the Depths.
 46708 | D:15     | Reached XP level 20. HP: 161/182 MP: 29/33
 47344 | D:15     | Found a blossoming altar of Fedhas.
 48189 | Vaults:1 | Entered Level 1 of the Vaults
 48208 | Vaults:1 | Noticed Asterion
 48221 | Vaults:1 | Killed Asterion
 49076 | Vaults:1 | Identified the +4 longbow of Linearity {antimagic, rF++
                  | Dex+4}
 49597 | Vaults:1 | Reached skill level 19 in Invocations
 49769 | Vaults:1 | Reached skill level 15 in Shields
 50600 | Abyss:3  | Cast into level 3 of the Abyss (a wizard)
 50650 | Abyss:3  | Got an abyssal rune of Zot
 50720 | Vaults:2 | Escaped the Abyss
 50902 | Vaults:2 | Reached skill level 20 in Invocations
 51255 | Vaults:2 | Reached XP level 21. HP: 163/191 MP: 35/35
 51679 | Vaults:2 | Found a runed translucent door.
 51679 | Vaults:2 | Noticed Kevimi's ghost (adept FeNe)
 51810 | Vaults:2 | Killed Kevimi's ghost
 52161 | Vaults:2 | an iron dragon changed into a caustic shrike
 52161 | Vaults:2 | Noticed a caustic shrike (glowing shapeshifter)
 52162 | Vaults:2 | a caustic shrike changed into an acid blob
 52163 | Vaults:2 | an acid blob changed into a caustic shrike
 52163 | Vaults:2 | Noticed a caustic shrike (glowing shapeshifter)
 52165 | Vaults:2 | a caustic shrike changed into a glowing shapeshifter
 53887 | Vaults:3 | Noticed Mara
 53895 | Vaults:3 | Noticed NinjaNoafa's illusion
 53931 | Vaults:3 | Noticed NinjaNoafa's illusion
 53942 | Vaults:3 | Killed Mara
 54492 | Vaults:3 | Reached XP level 22. HP: 150/202 MP: 36/36
 54891 | Vaults:3 | Found a staircase to the Crypt.
 55601 | Vaults:4 | Reached skill level 21 in Invocations
 55620 | Vaults:4 | Paralysed by a great orb of eyes for 3 turns
 55655 | Vaults:4 | Found Wistrog's Armour Emporium.
 56025 | Vaults:4 | Reached skill level 10 in Dodging
 57171 | Vaults:4 | Found a portal to a secret trove of treasure.
 57282 | Trove    | Entered a treasure trove
 57289 | Trove    | Identified the +2 war axe of Action {freeze, Will+}
 57292 | Trove    | Identified the ring of Xaniwoh {AC+4 Int+4 Dex+4}
 57300 | Trove    | Identified the +11 rapier "Zyamnal" {speed, Dex+2 SInv}
 57726 | D:9      | Fell from the grace of Elyvilon
 57726 | D:9      | Became a worshipper of Uskayaw the Reveller
 58039 | Vaults:4 | Reached * piety under Uskayaw
 58042 | Vaults:4 | Reached ** piety under Uskayaw
 58044 | Vaults:4 | Reached *** piety under Uskayaw
 58467 | Elf:2    | Reached **** piety under Uskayaw
 58468 | Elf:2    | Reached ***** piety under Uskayaw
 58480 | Elf:2    | Reached ****** piety under Uskayaw
 59368 | Elf:3    | Reached XP level 23. HP: 192/213 MP: 0/37
 59375 | Abyss:3  | Cast into level 3 of the Abyss (a deep elf demonologist)
 59424 | Abyss:3  | Found a corrupted altar of Lugonu.
 59427 | Elf:3    | Escaped the Abyss
 59463 | Elf:3    | Paralysed by an air elemental for 1 turns
 59505 | Abyss:3  | Cast into level 3 of the Abyss (a deep elf demonologist)
 59529 | Elf:3    | Escaped the Abyss
 59698 | Elf:3    | Identified the amulet "Otivvy" {rPois Regen+ Stlth+}
 59862 | Elf:3    | Identified the +5 spear of Tenua {heavy, rElec rF+ Str-3}
 59862 | Elf:3    | Identified the ring of Weecaji {rPois Will+ Int+6 Dex+3}
 60038 | Elf:3    | Acquired 466 gold pieces
 60383 | Vaults:4 | Bought the +7 plate armour of Sozuh {rPois Str+3} for 1585
                  | gold pieces
 60525 | Vaults:5 | Entered Level 5 of the Vaults
 60534 | Vaults:5 | Reached skill level 5 in Spellcasting
 60545 | Vaults:5 | Noticed Boris
 60580 | Abyss:3  | Cast into level 3 of the Abyss (a deep elf sorcerer)
 60855 | Abyss:3  | Found a corrupted altar of Lugonu.
 60872 | Vaults:5 | Escaped the Abyss
 61084 | Vaults:5 | Noticed a dread lich
 61093 | Vaults:5 | Killed a dread lich
 61129 | Vaults:5 | Noticed a golden dragon
 61142 | Vaults:5 | Killed a golden dragon
 61143 | Vaults:5 | Reached XP level 24. HP: 196/224 MP: 11/37
 61164 | Vaults:5 | Noticed an ancient lich
 61203 | Vaults:5 | Got a silver rune of Zot
 61205 | Vaults:5 | Identified the +0 scale mail "Muogg" {rPois Str+4 Int+2}
 61436 | Vaults:5 | Noticed an ancient lich
 61446 | Vaults:5 | Killed an ancient lich
 61547 | Vaults:5 | Killed an ancient lich
 61819 | Slime:1  | Entered Level 1 of the Pits of Slime
 62828 | Slime:2  | Paralysed by a floating eye for 4 turns
 65434 | Elf:3    | Identified the +5 sling "Yfohat" {flame, rPois Int-5 SInv}
 65435 | Elf:3    | Identified the +1 hand axe of Trauma {heavy, rCorr}
 65571 | Elf:3    | Identified the +1 hand axe of the Shining Light {flame,
                  | Str+4 Dex-3 Stlth+}
 65581 | Elf:3    | Got the Incunable of the Winter and Corruption
 65654 | Elf:3    | Identified the ring of Naptyarch {Int+6 Stlth+}
 65666 | Elf:3    | Got the Parchment of the Translocational Squall
 66016 | Elf:3    | Found Imaajev Piext's Assorted Antiques.
 66218 | Elf:3    | Bought a steaming turquoise ring for 155 gold pieces
 66218 | Elf:3    | Identified the ring of Yesterday {rPois rF+ Dex+3 Stlth-}
                  | (You bought it in a shop on level 3 of the Elven Halls)
 66818 | Orc:2    | Bought 2 scrolls of teleportation for 78 gold pieces
 66818 | Orc:2    | Bought a scroll of teleportation for 39 gold pieces
 66856 | Orc:1    | Bought a potion of curing for 48 gold pieces
 67535 | Vaults:5 | Killed Boris
 67536 | Vaults:5 | Reached skill level 22 in Invocations
 67554 | Vaults:5 | Identified the +3 hand axe of Fofamia {pain, rN+}
 67562 | Vaults:5 | Reached XP level 25. HP: 198/231 MP: 14/38
 68140 | Vaults:5 | Got the Compendium of Black Liturgies
 69446 | Depths:1 | Entered Level 1 of the Depths
 70636 | Slime:5  | Entered Level 5 of the Pits of Slime
 70839 | Slime:5  | Paralysed by a floating eye for 3 turns
 70845 | Slime:5  | Paralysed by a floating eye for 4 turns
 70845 | Slime:5  | HP: 5/231 [titanic slime creature (68)]
 70845 | Slime:5  | HP: 1/231 [slime creature (4)]
 70846 | Slime:5  | Drowned by a quicksilver ooze

Illustrated notes

Levels and vault maps discovered:
D:1:      dpeg_chamrin_arrival_tetris, layout_basic,
          dreamdust_ecumenical_altar_hidden_monk_grotto
D:2:      layout_rooms, feat_on_display
D:3:      minmay_inner_zag, layout_basic, overflow_temple_1_default,
          serial_corexii_hall, chequers_hall_statues_corner_a,
          chequers_hall_statues_corner_a, minmay_misc_feat_secret_circle,
          uniq_ijyb, uniq_natasha
D:4:      layout_gridville, old_standard_altar, serial_shops, shop,
          nicolae_shop_behind_doors, nicolae_shop_trees, shop_statue,
          nicolae_figureground_sparkle
D:5:      layout_basic, nicolae_overflow_two_pavilions, enter_ossuary_4,
          minivault_1, kennysheep_generic_room_2
D:6:      layout_cave_pools, minmay_temple_entry_hall,
          biasface_ghost_orc_armoury, serial_gnoll_camp, gnoll_camp_huts_moat,
          gnoll_camp_mini_shop, gnoll_camp_medium_02, gnoll_camp_mini_shop,
          hellmonk_guarded_unrand_hermit
D:7:      layout_basic, enter_bailey_1, kennysheep_generic_room_12
D:8:      layout_gridville, nicolae_wu_jian_immortal_techniques,
          nzn_ghost_randoct, item_on_display_b, uniq_gastronok, uniq_joseph
D:9:      wad_arrow_thing, layout_small_grid, dancing_weapons_uskayaw,
          ebering_ghost_inner_flame, kennysheep_small_square, uniq_maggie
D:10:     nzn_motion_control, layout_layer_cave, tso_oasis_becter,
          erik_lair_island, chequers_serial_rivers_small_a
D:11:     layout_stronghold, orc_0_dummy, billiards_dpeg, uniq_erica,
          uniq_josephine, uniq_grum
D:12:     layout_loops_cross, minivault_7
D:13:     layout_roguey, erik_vaults_2
D:14:     layout_basic
D:15:     grunt_enter_depths_magical_seal, layout_rooms,
          fedhas_altar_fruit_tree, minmay_librarian
Temple:   minmay_freezing_vapour_temple
Lair:1:   layout_cave_shapes, st_stairs_3
Lair:2:   layout_roguey, uniq_sonja, uniq_nergalle
Lair:3:   layout_gridlike, nicolae_swamp_entry_spooky,
          minmay_snake_entry_guardpost_medium, lemuel_fruit_tree
Lair:4:   nzn_winding_woodlands_large [nzn_winding_woodlands_5x5_three,
          nzn_winding_woodlands_5x15_pathside_ponds,
          nzn_winding_woodlands_5x5_closed_star,
          nzn_winding_woodlands_center_diamonds,
          nzn_winding_woodlands_15x15_boxy_spiral,
          nzn_winding_woodlands_center_garden, nzn_winding_woodlands_hourglass,
          nzn_winding_woodlands_5x15_concentric,
          nzn_winding_woodlands_5x5_open_star], layout_loops_ring,
          slime_entry_1, enter_volcano_3
Lair:5:   hellmonk_lair_end_abyssal_woods, layout_cave_pods, basic_altar,
          serial_bayou_pond_d, minivault_19, serial_bayou_shore_b,
          lemuel_fruit_fields, grunt_megastairs_2, infiniplex_staircase_pool_2,
          lemuel_fruit_fields
Swamp:1:  layout_basic_swamp, evilmike_swamp_ruin_house_4, uniq_jorgrun
Swamp:2:  layout_basic_swamp, hangedman_swamp_diagram
Swamp:3:  layout_falls_marsh, lemuel_altar_in_water, infiniplex_staircase_pool
Swamp:4:  swamp_pestilence, layout_basic_swamp
Snake:1:  layout_honeycomb
Snake:2:  nicolae_snake_shooting_gallery, layout_concentric_octagons,
          minmay_shop_enchanted_jewellery, nicolae_snake_ghostly_warrior_ritual
Snake:3:  layout_layer_cave, nicolae_snake_coiling_death, grunt_megastairs_5,
          uniq_vashnia
Snake:4:  grunt_snake_rune_spirals, layout_concentric_octagons,
          nicolae_coiled_stairwell_up
Slime:1:  layout_caves, nicolae_slime_phagocytosis
Slime:2:  cheibrodos_slime_lost_civilization_10, layout_caves
Slime:3:  layout_caves
Slime:4:  layout_caves
Slime:5
Orc:1:    layout_caves, ebering_ghost_gozag, serial_shops, shop_statue,
          nicolae_shop_advertising_works [nicolae_subvault_shop_adworks],
          special_room [special_room_kobold], basic_altar
Orc:2:    st_orc_mages, layout_caves, nicolae_shop_overcharged_wands
Elf:1:    eino_elf_arrival_altar, layout_gridlike, serial_shops, shop,
          nicolae_lakefront_shop, minmay_elf_crystal_hexagon
Elf:2:    elven_hall_of_blades_hangedman_alternative
          [nicolae_blade_entry_diamond_columns], layout_loops_corners,
          basic_altar, uniq_agnes, uniq_roxanne
Elf:3:    nooodl_elf_gasket, layout_gridlike, serial_shops, shop
Vaults:1: nicolae_vaults_holding_cells, grunt_vaults_hallway_short,
          hangedman_vaults_slice, v_alt_pattern_1, hangedman_vaults_capsules,
          v_alt_pattern_1, hangedman_vaults_corner, ontoclasm_vaults_twist,
          ontoclasm_vaults_claustrophobia, vaults_room_door_ring,
          vaults_standard_mumra_x, nicolae_vaults_circle_grid_b,
          grunt_vaults_focal, layout_vaults_omnicross, uniq_asterion
Vaults:2: hellmonk_ghost_happy_afterlife, vaults_mumra_minichess_inversion,
          nicolae_vaults_little_squares_2, nicolae_vaults_branching_niches,
          v_alt_pattern_2, vaults_mumra_minichess, v_misc_26, v_misc_26,
          v_alt_pattern_1, nicolae_vaults_specimen_jars, vaults_room_hallway,
          vaults_dpeg_ring, vaults_dpeg_diagonal,
          nicolae_vaults_yaktaur_gun_rack, nicolae_vaults_asterisk,
          layout_vaults_ring
Vaults:3: ontoclasm_vaults_eye, vaults_mumra_chevron,
          nicolae_vaults_ninety_degrees, nicolae_vaults_little_squares_6,
          grunt_vaults_hallway_long, vaults_standard_mumra_enter_the_diamond,
          minmay_crypt_entry_nasty_monster, ontoclasm_vaults_fault,
          nicolae_vaults_alarming, hangedman_vaults_slice,
          nicolae_vaults_little_squares_3, nicolae_vaults_angled_halls,
          layout_vaults_omnibox, uniq_mara
Vaults:4: grunt_vaults_funnel, nicolae_vaults_network_square,
          hangedman_vaults_variations, v_misc_4,
          nicolae_vaults_fighting_squares, v_misc_31, vaults_room_ringed_pool,
          vaults_dpeg_hooks, hangedman_vaults_corner_blocks, vaults_mumra_lcd,
          nicolae_vaults_little_squares_5, v_misc_2, layout_vaults_maze_snakey,
          nicolae_trove_entry_columns, serial_shops, shop
Vaults:5: serial_shops, uniq_boris, uniq_margery
Depths:1: layout_cave_shapes, enter_ziggurat_c,
          nicolae_hell_entry_big_baal_hell, minmay_room_of_horrors,
          serial_shops, shop_fountains, chequers_serial_rivers_small_a,
          chequers_serial_rivers_large_a, nicolae_lava_and_water,
          lightli_corner_chamber, uniq_enchantress, uniq_nikola

Skill      XL: |  1  2  3  4  5  6  7  8  9 10 11 12 13 14 15 16 17 18 19 20 21 22 23 24 25 |
---------------+----------------------------------------------------------------------------+-----
Fighting       | 4 5 6 7 8 9 10 12 14 15 16 17 18 19 20 | 20.0
Shields        | 4 5 6 7 8 11 13 14 15 16 18 19 | 19.0
Armour         | 4 5 6 7 8 9 10 11 13 15 16 17 18 20 | 20.0
Axes           | 3 4 5 8 9 13 17 18 19 20 | 20.0
Invocations    | 1 3 4 5 6 8 9 10 11 12 13 14 15 16 18 20 21 22 | 22.0
Evocations     | 2 4 5 6 8 9 10 12 14 | 14.0
Dodging        | 2 4 5 6 8 10 12 13 | 13.6
Throwing       | 4 6 7 9 11 13 14 | 14.0
Spellcasting   | 2 3 6 |  6.0

Action                     |  1- 3 |  4- 6 |  7- 9 | 10-12 | 13-15 | 16-18 | 19-21 | 22-24 | 25-27 || total
---------------------------+-------+-------+-------+-------+-------+-------+-------+-------+-------++-------
  Melee: War axe           |    87 |   121 |   281 |       |    87 |     4 |       |       |       ||   580
         Broad axe         |       |       |    13 |   555 |   693 |  1009 |  1037 |   841 |    83 ||  4231
         Hand axe          |       |       |       |       |       |       |     1 |    12 |       ||    13
  Throw: Javelin           |       |       |    15 |     3 |     6 |     3 |     8 |    32 |       ||    67
         Dart              |       |       |     8 |     5 |       |       |       |       |       ||    13
         Boomerang         |       |       |       |    13 |   110 |   176 |   101 |   131 |       ||   531
         Throwing net      |       |       |       |       |     4 |       |     3 |     6 |       ||    13
 Invoke: Heal Other        |       |       |     5 |    12 |     7 |     9 |    12 |     2 |       ||    47
         Heal Self         |       |       |     1 |     1 |     2 |     4 |     1 |     3 |       ||    12
         Purification      |       |       |       |     3 |     1 |     1 |     2 |       |       ||     7
         Divine Vigour     |       |       |       |       |     3 |       |     2 |     1 |       ||     6
         Stomp             |       |       |       |       |       |       |       |     4 |       ||     4
         Line Pass         |       |       |       |       |       |       |       |     2 |       ||     2
         Grand Finale      |       |       |       |       |       |       |       |     1 |       ||     1
  Evoke: Wand              |       |       |    12 |    14 |     1 |    25 |    23 |    16 |       ||    91
         Phial of floods   |       |       |       |       |       |     1 |     1 |     1 |       ||     3
         Tin of tremorston |       |       |       |       |       |       |     2 |     1 |       ||     3
         Lightning rod     |       |       |       |       |       |       |     2 |       |       ||     2
         Phantom mirror    |       |       |       |       |       |       |       |     1 |     1 ||     2
    Use: Potion            |       |     2 |     2 |     2 |     5 |     4 |     5 |     4 |     3 ||    27
         Scroll            |       |     9 |     3 |    20 |     8 |     9 |     8 |    15 |       ||    72
   Stab: Paralysed         |       |       |       |     1 |       |     1 |       |   148 |    19 ||   169
         Held in net/web   |       |       |       |     1 |       |       |     1 |     1 |       ||     3
         Distracted        |       |       |       |       |     1 |       |       |       |     1 ||     2
         Petrified         |       |       |       |       |     1 |       |       |       |       ||     1
         Petrifying        |       |       |       |       |     1 |       |       |       |       ||     1
         Sleeping          |       |       |       |       |       |       |     1 |       |       ||     1
         Confused          |       |       |       |       |       |       |       |     1 |       ||     1
 Armour: Chain mail        |    50 |    72 |    63 |    20 |   237 |   376 |   392 |   118 |       ||  1328
         Scale mail        |     5 |       |   110 |   179 |       |       |       |       |       ||   294
         Skin              |       |       |       |       |    15 |       |       |       |       ||    15
         Plate armour      |       |       |       |       |       |       |       |   183 |    25 ||   208
  Dodge: Dodged            |    47 |    48 |   166 |   173 |   153 |   304 |   257 |   239 |    30 ||  1417
         Repelled          |       |       |       |     5 |     4 |    31 |     7 |    12 |       ||    59
  Block: Buckler           |    27 |    26 |   109 |     3 |       |       |       |       |       ||   165
         Kite shield       |       |       |       |   465 |   714 |  1163 |   912 |   669 |    71 ||  3994
         Reflection        |       |       |       |    18 |    27 |   176 |    88 |    99 |     2 ||   410

Table legend: (Time is in decaauts)
 A = Elapsed time spent in this place.
 B = Non-inter-level travel time spent in this place.
 C = Inter-level travel time spent in this place.
 D = Time resting spent in this place.
 E = Time spent auto-exploring this place.
 F = Levels seen in this place.
 G = Mean time per level.
                   A        B        C        D        E       F      G
               +--------+--------+--------+--------+--------+-----+--------+
         Total |  70758 |  59085 |  11673 |   1526 |  45856 |  55 | 1286.5 |
       Dungeon |  21022 |  15879 |   5143 |    146 |  12685 |  15 | 1401.5 |
        Temple |     42 |     38 |      4 |      0 |      0 |   1 |   42.0 |
          Lair |   8312 |   6632 |   1680 |     15 |   5350 |   5 | 1662.4 |
         Swamp |   5399 |   4966 |    433 |    235 |   3796 |   4 | 1349.8 |
     Snake Pit |   8110 |   7118 |    992 |    318 |   5616 |   4 | 2027.5 |
    Slime Pits |   3717 |   3319 |    398 |     77 |   2725 |   5 |  743.4 |
  Orcish Mines |   2279 |   1756 |    523 |      0 |   1401 |   2 | 1139.5 |
   Elven Halls |   5474 |   4595 |    879 |     86 |   3544 |   3 | 1824.7 |
        Vaults |  12290 |  10672 |   1618 |    149 |   8545 |   5 | 2458.0 |
        Depths |     10 |     10 |      0 |      0 |      0 |   1 |   10.0 |
         Abyss |   1098 |   1098 |      0 |     85 |    406 |   6 |  183.0 |
         Trove |     59 |     59 |      0 |      0 |      5 |   1 |   59.0 |
       Ossuary |    287 |    287 |      0 |      0 |    144 |   1 |  287.0 |
        Bailey |   2028 |   2028 |      0 |    415 |   1208 |   1 | 2028.0 |
       Volcano |    624 |    624 |      0 |      0 |    428 |   1 |  624.0 |
               +--------+--------+--------+--------+--------+-----+--------+

Top non-repeatable levels by time:
Vaults:2: 3106 daAuts
Vaults:4: 2831 daAuts
Vaults:3: 2557 daAuts
 Snake:2: 2371 daAuts
     D:6: 2284 daAuts
 Snake:4: 2272 daAuts
   Elf:3: 2161 daAuts
  Lair:3: 2092 daAuts
    D:10: 2077 daAuts
  Lair:4: 2045 daAuts
  Bailey: 2028 daAuts
     D:9: 2017 daAuts
Vaults:5: 1983 daAuts
  Lair:5: 1885 daAuts
 Snake:3: 1859 daAuts
